 Dungeon Crawl Stone Soup version 0.27-b1-42-g19c61b19a5 (webtiles) character file.

Game seed: 8325260742380532589

138 Sin92 the Skirmisher (level 5, -1/41 HPs)
             Began as a Demonspawn Fighter on July 29, 2021.
             Succumbed to a scorpion's poison
             ... on level 4 of the Dungeon.
             The game lasted 00:02:10 (2224 turns).

Sin92 the Skirmisher (Demonspawn Fighter)           Turns: 2224, Time: 00:02:11

Health: -1/41      AC: 10    Str: 17    XL:     5   Next: 1%
Magic:  5/5        EV:  5    Int: 10    God:
Gold:   92         SH:  9    Dex: 12    Spells: 4/4 levels left

rFire    . . .     SeeInvis .   a - +0 trident
rCold    . . .     Faith    .   c - +0 kite shield
rNeg     . . .     Spirit   .   m - +1 chain mail
rPois    .         Reflect  .   (helmet restricted)
rElec    .         Harm     .   (no cloak)
rCorr    +         Rampage  .   (no gloves)
Will     .....                  (no boots)
Stlth    ..........             (no amulet)
HPRegen  0.13/turn              f - ring of flight
MPRegen  0.09/turn              g - ring of resist corrosion

@: lethally poisoned (-1 -> -7), flying
A: claws 1, horns 1, spiny 2
a: no special abilities


You were on level 4 of the Dungeon.
You visited 1 branch of the dungeon, and saw 4 of its levels.

You collected 92 gold pieces.

Inventory:

Hand Weapons
 a - a +0 trident (weapon)
Armour
 b - a +0 scale mail
 c - a +0 kite shield (worn)
 m - a +1 chain mail (worn)
Jewellery
 f - a ring of flight (left claw)
 g - a ring of resist corrosion (right claw)
Wands
 j - a wand of mindburst (16)
Potions
 d - a potion of might
 h - 3 potions of attraction
 l - a potion of berserk rage


   Skills:
 + Level 3.5 Fighting
 * Level 3.0 Polearms
 + Level 3.2 Armour
 + Level 1.6 Dodging
 + Level 3.2 Shields


You had 4 spell levels left.
You didn't know any spells.
Your spell library was empty.

Dungeon Overview and Level Annotations

Branches:
Dungeon (4/15)
 Temple: D:4-7

Altars:
Makhleb
Yredelemnul

Shops:
D:1 *


Innate Abilities, Weirdness & Mutations

You have sharp fingernails.
You have a pair of small horns on your head.
You are mostly covered in sharp spines.


Message History

There are monsters nearby!
You are too injured to fight recklessly!
It was a potion of cancellation.
You feel magically purged.
You feel sick. The jackal is struck by your spines.
You kill the jackal!
The jackal is struck by your spines.
You kill the jackal!
The scorpion stings you.
* * * LOW HITPOINT WARNING * * *
You are lethally poisoned!
The scorpion poisons you!
You have reached level 5!
Your demonic ancestry asserts itself...
A pair of horns grows on your head!
It was a potion of flight.
You feel more buoyant.
* * * LOW HITPOINT WARNING * * *
You feel very sick. You block the scorpion's attack.
Unknown command.
Your magical effects are unravelling.
You feel magically purged.
* * * LOW HITPOINT WARNING * * *
You feel very sick. You block the scorpion's attack.
A goblin comes into view. It is wielding a +0 dagger.
The scorpion is struck by your spines.
The scorpion stings you but does no damage.
The goblin shouts!
You hit the scorpion but do no damage.
The scorpion is severely wounded.
* * * LOW HITPOINT WARNING * * *
You feel sick.
You hear a shout!
A goblin comes into view. It is wielding a +0 dagger.
You block the scorpion's attack.
An endoplasm comes into view.
You closely miss the scorpion.
The scorpion is severely wounded.
You die...

...##.... ..#
....#...##..##..
.............#..
..............#
#........?....
###............
.g.....s....#
......†@...##
........<...#
..#...†.....#
#.........#
#........##
#.........
#......g..J
#....##.....
#.... ......


You could see a scorpion, an endoplasm (wandering) and 2 goblins.

Vanquished Creatures
  A jelly (D:3)
  3 adders
  A dart slug (D:1)
  8 ball pythons
  5 endoplasms
  4 giant cockroaches
  4 goblins
  5 hobgoblins
  15 jackals
  4 quokkas
  9 bats
  3 frilled lizards
  3 kobolds
  4 rats
  A spectral orc (D:3)
70 creatures vanquished.

Notes
Turn   | Place    | Note
-------+----------+-------------------------------------------
     0 | D:1      | Sin92 the Demonspawn Fighter began the quest for the Orb.
     0 | D:1      | Reached XP level 1. HP: 18/18 MP: 1/1
     6 | D:1      | Noticed a snapping turtle
     6 | D:1      | Noticed a hog
     6 | D:1      | Noticed an anaconda
     6 | D:1      | Noticed a wyvern
    50 | D:1      | Found a faded altar of an unknown god.
   150 | D:1      | Gained mutation: You have sharp fingernails. [demonic
                  | ancestry]
   150 | D:1      | Reached XP level 2. HP: 21/24 MP: 2/2
   331 | D:1      | Found Raocakem's Assorted Antiques.
   629 | D:1      | Gained mutation: You are partially covered in sharp spines.
                  | [demonic ancestry]
   629 | D:1      | Reached XP level 3. HP: 21/29 MP: 3/3
   647 | D:1      | Reached skill level 1 in Dodging
  1310 | D:2      | Gained mutation: You are mostly covered in sharp spines.
                  | [demonic ancestry]
  1310 | D:2      | Reached XP level 4. HP: 31/35 MP: 4/4
  1943 | D:3      | Found a burning altar of Makhleb.
  2129 | D:3      | Found a basalt altar of Yredelemnul.
  2212 | D:4      | Noticed a scorpion
  2221 | D:4      | Gained mutation: You have a pair of small horns on your
                  | head. [demonic ancestry]
  2221 | D:4      | Reached XP level 5. HP: 9/41 MP: 5/5
  2223 | D:4      | HP: 1/41 [poisoned by a scorpion]
  2224 | D:4      | Succumbed to a scorpion's poison

Illustrated notes

Levels and vault maps discovered:
D:1:      onia_arrival_zoo_common, layout_basic, serial_shops, shop,
          dreamdust_ecumenical_altar_statues, minmay_misc_feat_encased,
          minmay_pentomino_v4
D:2:      layout_basic
D:3:      layout_rooms, yredelemnul_forgotten_temple_becter,
          lemuel_coloured_pillars_altar
D:4:      cheibrodos_quashed, layout_cave_pools, general_overflow_altar,
          chequers_serial_rivers_room_b, minmay_between

Skill      XL: |  1  2  3  4 |
---------------+-------------+-----
Polearms       | 2 3 |  3.0
Dodging        | 1 |  1.6
Armour         | 3 |  3.2
Shields        | 3 |  3.2
Fighting       | |  3.5

Action                   |  1- 3 |  4- 6 || total
-------------------------+-------+-------++-------
Melee: Trident           |   108 |    39 ||   147
  Use: Scroll            |       |     4 ||     4
       Potion            |       |     3 ||     3
Armor: Scale mail        |    56 |     1 ||    57
       Chain mail        |       |    11 ||    11
Dodge: Dodged            |    54 |     6 ||    60
Block: Kite shield       |    57 |    26 ||    83
